 Dungeon Crawl Stone Soup version 0.25-a0-1007-g10a8c3caa8 (webtiles) character file.

Game seed: 14313992578457982302, levelgen mode: deterministic

2974 MisterFreud the Basher (level 9, -2/144 HPs)
             Began as an Ogre Berserker on May 11, 2020.
             Was an Elder of Trog.
             Slain by an orc warrior
             ... wielding a +2 mace of draining
              (4 damage)
             ... on level 8 of the Dungeon.
             The game lasted 00:11:48 (9471 turns).

MisterFreud the Basher (Ogre Berserker)             Turns: 9471, Time: 00:11:49

Health: -2/144     AC:  8    Str: 26    XL:     9   Next: 82%
Magic:  9/9        EV:  8    Int:  8    God:    Trog [****..]
Gold:   342        SH:  0    Dex:  8    Spells: 8/8 levels left

rFire    . . .     SeeInvis .   v - +0 giant spiked club
rCold    . . .     Gourm    .   (shield currently unavailable)
rNeg     . . .     Faith    .   I - +0 swamp dragon scales
rPois    +         Spirit   .   (helmet restricted)
rElec    .         Reflect  .   (no cloak)
rCorr    .         Harm     .   (gloves unavailable)
MR       .....                  (boots unavailable)
Stlth    ..........             (no amulet)
HPRegen  0.34/turn              (no ring)
MPRegen  0.11/turn              (no ring)

@: berserking, heavily drained, very quick
A: large, unfitting armour, tough skin 1
a: Berserk, Trog's Hand, Brothers in Arms, Renounce Religion


You were on level 8 of the Dungeon.
You worshipped Trog.
Trog was greatly pleased with you.
You were very hungry.

You visited 1 branch of the dungeon, and saw 8 of its levels.

You collected 342 gold pieces.

Inventory:

Hand Weapons
 a - a +0 mace
 f - a +1 mace of draining
 v - a +0 giant spiked club (weapon)
Missiles
 e - 33 poisoned darts (quivered)
 j - 8 javelins
 J - 5 boomerangs of dispersal
Armour
 b - a +1 animal skin
 I - +0 swamp dragon scales (worn)
Jewellery
 t - an uncursed ring of fire
Wands
 r - a wand of paralysis (12)
 u - a wand of iceblast (11)
 w - a wand of random effects (17)
 G - a wand of clouds (1)
 H - a wand of polymorph (9)
Scrolls
 g - 3 scrolls of enchant armour
 k - 10 scrolls of teleportation {unknown}
 m - 6 scrolls of identify {unknown}
 n - 2 scrolls of blinking {unknown}
 o - 2 scrolls of enchant weapon {unknown}
 s - 2 scrolls of remove curse
 y - 2 scrolls of amnesia {unknown}
 A - 2 scrolls of immolation {unknown}
 C - a scroll of fog
 D - 2 scrolls of fear {unknown}
Potions
 d - 5 potions of curing
 h - 2 potions of stabbing {unknown}
 i - a potion of might {unknown}
 l - 2 potions of haste {unknown}
 p - 3 potions of flight {unknown}
 q - a potion of degeneration {unknown}
 x - a potion of mutation {unknown}
 z - 2 potions of cancellation {unknown}
 B - a potion of berserk rage {unknown}
 E - a potion of ambrosia {unknown}
 F - a potion of heal wounds {unknown}
 K - a potion of brilliance {unknown}
Comestibles
 c - 10 rations


   Skills:
 - Level 8.0(5.4) Fighting
 + Level 11.1(8.4) Maces & Flails
 + Level 1.8(0.0) Armour
 - Level 2.6(0.5) Dodging


You had 8 spell levels left.
You didn't know any spells.
Your spell library was empty.

Dungeon Overview and Level Annotations

Branches:
Dungeon (8/15)             Temple (0/1) D:6
   Lair: D:8-11

Altars:
Nemelex Xobeh
Sif Muna

Shops:
D:4 :   D:7 (

Annotations:
D:8 3 runed translucent doors


Innate Abilities, Weirdness & Mutations

You are too large for most types of armour.
You have tough skin. (AC +1)


Message History

You are feeling very hungry.
The orc closely misses you.
You closely miss the orc warrior.
The orc warrior is severely wounded.
The orc warrior barely misses you. The orc barely misses you.
You closely miss the orc warrior.
The orc warrior is severely wounded.
The orc warrior hits you with a +2 mace of draining!
* * * LOW HITPOINT WARNING * * *
You feel drained.
* * * LOW HITPOINT WARNING * * *
The orc hits you.
* * * LOW HITPOINT WARNING * * *
You closely miss the orc warrior.
The orc warrior is severely wounded.
The orc misses you.
The orc warrior hits you with a +2 mace of draining!
* * * LOW HITPOINT WARNING * * *
You feel drained.
You die...

....... #.....# #.....# #.....+
..#.. #.....# .#.. #.....#
..#+######..oo## # #..........##o#
# #..........#o@# #
#..........#..# # #..........'..#
# ####..........#### #
....##+#.........# .##.#
....'..'.........# ....
....#..#.........# # .!#. ...
....#.)#...>.....##.#.#.#######..
....##'#.<....##'#ยง#...#.#....#..


You could see an orc warrior and 3 orcs.

Vanquished Creatures
  Pikel (D:7)
  Maggie (D:7)
  Sigmund (D:3)
  An ice beast (D:8)
  A black bear (D:6)
  4 ogres
  2 phantoms
  A centaur (D:7)
  5 bullfrogs
  A scorpion (D:4)
  4 wights (D:6)
  2 howler monkeys (D:7)
  3 crimson imps
  A centaur zombie (D:7)
  2 hounds
  2 orc priests (D:3)
  Ijyb (D:3)
  A centaur skeleton (D:6)
  2 bullfrog skeletons
  Jessica (D:3)
  3 iguanas
  4 worker ants
  2 hound skeletons
  3 gnolls (D:5)
  7 adders
  A shadow imp (D:7)
  An ooze (D:4)
  An adder skeleton (D:4)
  2 worms (D:3)
  6 leopard geckos
  20 orcs
  3 giant cockroaches
  7 goblins
  6 hobgoblins (D:1)
  8 jackals
  2 quokkas (D:3)
  2 ball pythons
  9 bats
  4 frilled lizards
  A jackal skeleton (D:5)
  2 jackal zombies (D:5)
  9 kobolds
  4 rats
144 creatures vanquished.

Notes
Turn   | Place    | Note
-------+----------+-------------------------------------------
     0 | D:1      | MisterFreud the Ogre Berserker began the quest for the Orb.
     0 | D:1      | Reached XP level 1. HP: 24/24 MP: 1/1
   134 | D:1      | Reached XP level 2. HP: 33/33 MP: 2/2
   231 | D:1      | Reached skill level 5 in Fighting
   604 | D:1      | Reached XP level 3. HP: 40/42 MP: 3/3
  1255 | D:2      | Found a sparkling altar of Nemelex Xobeh.
  1518 | D:2      | Reached ** piety under Trog
  1744 | D:3      | HP: 3/66 [orc priest/divine providence (14)]
  1749 | D:3      | Reached XP level 4. HP: 3/53 MP: 4/4
  2544 | D:3      | Noticed Jessica
  2555 | D:3      | Killed Jessica
  2555 | D:3      | Reached XP level 5. HP: 50/62 MP: 5/5
  2857 | D:3      | Found a faded altar of an unknown god.
  2877 | D:3      | Reached skill level 3 in Maces & Flails
  3094 | D:3      | Noticed Ijyb
  3111 | D:3      | Paralysed by Ijyb for 2 turns
  3113 | D:3      | Killed Ijyb
  3219 | D:3      | Reached XP level 6. HP: 72/72 MP: 6/6
  3256 | D:3      | Noticed Sigmund
  3268 | D:3      | Killed Sigmund
  3268 | D:3      | Reached skill level 4 in Maces & Flails
  3554 | D:4      | Found Seefitt's Book Shop.
  3620 | D:4      | Reached skill level 5 in Maces & Flails
  3620 | D:4      | Reached XP level 7. HP: 25/80 MP: 7/7
  4156 | D:4      | Reached *** piety under Trog
  4803 | D:5      | Entered Level 5 of the Dungeon
  4925 | D:5      | Reached skill level 6 in Maces & Flails
  5755 | D:5      | Reached XP level 8. HP: 21/88 MP: 8/8
  6141 | D:5      | Found a shimmering blue altar of Sif Muna.
  6219 | D:6      | Reached skill level 7 in Maces & Flails
  6388 | D:6      | Reached skill level 8 in Maces & Flails
  6809 | D:6      | Found a staircase to the Ecumenical Temple.
  7595 | D:7      | Reached skill level 9 in Maces & Flails
  7609 | D:7      | Noticed Maggie
  7620 | D:7      | Killed Maggie
  7620 | D:7      | Reached XP level 9. HP: 15/96 MP: 9/9
  7623 | D:7      | HP: 7/144 [bullfrog (4)]
  7625 | D:7      | Reached skill level 10 in Maces & Flails
  7628 | D:7      | HP: 6/144 [poisoned by an adder]
  7634 | D:7      | HP: 4/96 [poisoned by an adder]
  7675 | D:7      | Found Rasmesich's Antique Weapon Shoppe.
  8033 | D:7      | Noticed Pikel
  8038 | D:7      | Killed Pikel
  8319 | D:7      | Reached **** piety under Trog
  8839 | D:8      | Reached skill level 11 in Maces & Flails
  8932 | D:8      | Found a runed translucent gate.
  8932 | D:8      | Found a runed translucent gate.
  8932 | D:8      | Found a runed translucent gate.
  8932 | D:8      | Noticed a cyan ugly thing
  8932 | D:8      | Noticed a purple ugly thing
  8932 | D:8      | Noticed a red very ugly thing
  8932 | D:8      | Noticed a white ugly thing
  9027 | D:8      | Reached skill level 1 in Armour
  9073 | D:8      | Noticed a troll
  9471 | D:8      | HP: 2/144 [orc warrior/+2 mace of draining (11)]
  9471 | D:8      | Slain by an orc warrior

Illustrated notes

Levels and vault maps discovered:
D:1:      lightli_iron_boxes, layout_basic
D:2:      layout_loops_cross, nemelex_xobeh_ov_fountains_minmay
D:3:      layout_loops_cross, first_ration,
          chequers_ecumenical_altar_simple_redux, uniq_sigmund, uniq_jessica,
          uniq_ijyb
D:4:      layout_gridville, serial_shops, shop
D:5:      layout_rooms, led_sif_book, kennysheep_generic_room_16
D:6:      layout_rooms, minmay_temple_entry_arrows
D:7:      layout_cave_pools, serial_shops, shop, grunt_decor_cap, uniq_pikel,
          uniq_maggie
D:8:      layout_gridville, ploomutoo_gammafunk_ghost_potion_laboratory

Skill      XL: |  1  2  3  4  5  6  7  8  9 |
---------------+----------------------------+-----
Fighting       | 5 6 7 8 |  8.0
Maces & Flails | 3 5 6 9 11 | 11.1
Armour         | 1 |  1.8
Dodging        | |  2.6

Action                   |  1- 3 |  4- 6 |  7- 9 || total
-------------------------+-------+-------+-------++-------
Melee: Mace              |    88 |   107 |       ||   195
       Giant spiked club |       |       |   343 ||   343
       Unarmed           |       |       |     4 ||     4
Invok: Berserk           |     1 |       |     4 ||     5
Evoke: Wand              |       |       |     5 ||     5
  Use: Scroll            |     3 |       |       ||     3
       Potion            |       |       |     1 ||     1
 Stab: Sleeping          |       |     1 |       ||     1
  Eat: Chunk             |     3 |     3 |    18 ||    24
       Ration            |       |     1 |     1 ||     2
Armor: Animal skin       |    38 |    32 |    77 ||   147
       Swamp dragon scal |       |       |    28 ||    28
Dodge: Dodged            |    67 |    43 |   242 ||   352

Table legend:
 A = Non-vault XP
 B = Vault XP
 C = Vault XP percentage of total XP
 D = Non-vault monster count
 E = Vault monster count
 F = Vault count percentage of total count
                 A         B        C        D         E       F
            +---------+---------+-------+---------+---------+-------
      Total |    2996 |    1253 |  29.5 |     137 |       7 |   4.9
            +---------+---------+-------+---------+---------+-------
        D:1 |      38 |       0 |   0.0 |      24 |       0 |   0.0
        D:2 |      13 |       0 |   0.0 |       9 |       0 |   0.0
        D:3 |     193 |     297 |  60.6 |      33 |       3 |   8.3
        D:4 |     274 |       0 |   0.0 |      11 |       0 |   0.0
        D:5 |     385 |       5 |   1.3 |      16 |       2 |  11.1
        D:6 |     817 |       0 |   0.0 |      18 |       0 |   0.0
        D:7 |     779 |     951 |  55.0 |      14 |       2 |  12.5
        D:8 |     497 |       0 |   0.0 |      12 |       0 |   0.0
            +---------+---------+-------+---------+---------+-------
